 Dungeon Crawl Stone Soup version 0.24-a0-375-g4de66ed42b (console) character file.

Game seed: 2118488644045696538

12002 Lexodia the Thrower (level 11, -6/97 HPs)
             Began as a Troll Fighter on May 31, 2019.
             Was a Priest of Ru.
             Mangled by a skeletal warrior
             ... wielding a +0 scimitar
             ... led by a skeletal warrior
              (25 damage)
             ... on level 9 of the Dungeon.
             The game lasted 00:26:37 (8789 turns).

Lexodia the Thrower (Troll Fighter)                 Turns: 8789, Time: 00:26:38

Health: -6/97      AC:  9    Str: 28    XL:     11   Next: 56%
Magic:  12/12      EV: 10    Int:  1    God:    Ru [***...]
Gold:   715        SH: 12    Dex: 10    Spells: 9/10 levels left

rFire    . . .     SeeInvis .     - Unarmed
rCold    + . .     Gourm    +   b - +1 shield
rNeg     . . .     Faith    .   C - +0 steam dragon scales
rPois    .         Spirit   .   (helmet restricted)
rElec    +         Reflect  .   (no cloak)
rCorr    .         Harm     +   (gloves unavailable)
MR       +....                  (boots unavailable)
Stlth    +.........             n - amulet of harm
HPRegen  0.66/turn              h - ring of protection from cold
MPRegen  0.13/turn              G - ring of Itaso {rElec MR+ Int-3} (curse)

@: no status effects
A: large, unfitting armour, claws 3, fast metabolism 3, gourmand, regeneration
1, shaggy fur 1, tough skin 3, inability to use devices, no air magic, no
conjurations magic, no transmutations magic
a: Draw Out Power, Renounce Religion


You were on level 9 of the Dungeon.
You worshipped Ru.
Ru was most pleased with you.
You were completely stuffed.

You visited 2 branches of the dungeon, and saw 11 of its levels.

You collected 715 gold pieces.

Inventory:

Missiles
 g - 174 stones (quivered)
 y - 5 throwing nets
Armour
 a - a +0 robe
 b - a +1 shield (worn)
 C - +0 steam dragon scales (worn)
Jewellery
 h - a ring of protection from cold (left claw)
 n - an amulet of harm (around neck)
 o - an uncursed amulet of faith {unknown}
 p - an uncursed amulet of the gourmand {unknown}
 B - an uncursed amulet of rage
 G - the cursed ring of Itaso (right claw) {rElec MR+ Int-3}
   (You found it on level 9 of the Dungeon)

   [ring of intelligence]

   It affects your intelligence (-3).
   It insulates you from electricity.
   It affects your resistance to hostile enchantments.
   It has a curse placed upon it.
Wands
 w - a wand of iceblast (14)
 E - a wand of enslavement (6)
 F - a wand of acid (8)
Scrolls
 e - 2 scrolls of amnesia
 i - 6 scrolls of enchant weapon
 k - 4 scrolls of enchant armour
 t - 9 scrolls of remove curse
 v - 3 scrolls of blinking
 D - a scroll of teleportation
Potions
 c - a potion of heal wounds
 f - 4 potions of agility
 j - 2 potions of lignification
 l - 2 potions of ambrosia
 m - a potion of brilliance
 q - 2 potions of curing
 r - a potion of invisibility
 s - a potion of flight {unknown}
 u - 4 potions of haste
 z - a potion of magic {unknown}
Comestibles
 d - 22 rations
 A - 4 chunks of flesh


   Skills:
 - Level 3.0 Fighting
 + Level 10.6 Throwing
 - Level 3.0 Dodging
 + Level 7.8 Shields
 + Level 10.0 Unarmed Combat
 - Level 2.0 Hexes


You had 9 spell levels left.
You knew the following spells:

 Your Spells              Type           Power        Failure   Level  Hunger
a - Confusing Touch       Hex            #.....       36%         1    ##.....

Your spell library contained the following spells:

 Spells                   Type           Power        Failure   Level  Hunger
 Summon Small Mammal      Summ           #...         65%         1    ##.....
 Confuse                  Hex            #.......     75%         3    ####...
 Call Imp                 Summ           #.......     80%         2    ###....
 Summon Guardian Golem    Hex/Summ       #.......     87%         3    ####...
 Call Canine Familiar     Summ           #.......     95%         3    ####...
 Gell's Gravitas          Tloc           #.........   95%         3    ####...
 Summon Ice Beast         Ice/Summ       #.......     100%        4    #####..
 Metabolic Englaciation   Hex/Ice        #.........   100%        5    ######.
 Ring of Flames           Chrm/Fire      #.........   100%        7    #######
 Beastly Appendage        Tmut           Unusable     N/A         1    N/A
 Poisonous Vapours        Pois/Air       Unusable     N/A         2    N/A
 Sticks to Snakes         Tmut           Unusable     N/A         2    N/A
 Conjure Flame            Conj/Fire      Unusable     N/A         3    N/A
 Mephitic Cloud           Conj/Pois/Air  Unusable     N/A         3    N/A
 Spider Form              Tmut/Pois      Unusable     N/A         3    N/A
 Ice Form                 Ice/Tmut       Unusable     N/A         4    N/A
 Petrify                  Tmut/Erth      Unusable     N/A         4    N/A
 Summon Lightning Spire   Summ/Air       Unusable     N/A         4    N/A
 Blade Hands              Tmut           Unusable     N/A         5    N/A
 Yara's Violent Unravell  Hex/Tmut       Unusable     N/A         5    N/A
 Freezing Cloud           Conj/Ice/Air   Unusable     N/A         6    N/A

Dungeon Overview and Level Annotations

Branches:
Dungeon (10/15)            Temple (0/1) D:7            Lair (1/6) D:9
    Orc: D:9-12

Altars:
Cheibriados
Elyvilon
Gozag
Hepliaklqana
Makhleb
Nemelex Xobeh
Okawaru
Qazlal
Ru
Sif Muna
Uskayaw
Vehumet
Wu Jian


Innate Abilities, Weirdness & Mutations

You are too large for most types of armour.
You have claws for hands.
Your metabolism is lightning-fast.
You like to eat raw meat.
Your natural rate of healing is unusually fast.
You are covered in fur. (AC +1)
You have extremely tough skin. (AC +3)
You cannot study or use magical devices.
You cannot study or cast Air magic.
You cannot study or cast Conjurations magic.
You cannot study or cast Transmutations magic.


Message History

The skeletal warrior is moderately damaged.
You claw the skeletal warrior!
The skeletal warrior is heavily damaged.
The skeletal warrior hits you with a +0 scimitar.
Damage: -6%(-6hp) hp: 46%(44hp)
You claw the skeletal warrior!
The skeletal warrior is almost destroyed.
The skeletal warrior hits you with a +0 scimitar!
Huge Dmg: -14%(-13hp) hp: 32%(31hp)
You scratch the skeletal warrior but do no damage.
The skeletal warrior is almost destroyed.
You scratch the skeletal warrior but do no damage.
The skeletal warrior is almost destroyed.
The skeletal warrior hits you with a +0 scimitar!
* * * LOW HITPOINT WARNING * * *
Huge Dmg: -14%(-14hp) hp: 19%(18hp)
You completely miss the skeletal warrior.
The skeletal warrior is almost destroyed.
The skeletal warrior hits you with a +0 scimitar!!
You die...

##.# ##.............##
#.# ##.....#####...##
#.# ###....####.....#
#.# ###...)............
#.####.<......####.....#
#.##.........## ##...##
#............# #..##
###..#.z...#.# #..#
#..#.@...#.# #..#
#..#######.# #..# #..#
#.# #..# #..#######.#
#..# #..##......## #..#
#...........# #..#
#..##.#####.# #..#
##...#.# #.# #..# #####
##......# #.# #..#


You could see a skeletal warrior.

Vanquished Creatures
  Harold (D:8)
  A hydra (Lair:1)
  3 centaur zombies
  2 spiny frogs (Lair:1)
  A kobold demonologist (D:8)
  Grinder (D:3)
  5 blink frogs (Lair:1)
  2 hippogriffs
  4 wyverns
  11 yaks
  Eustachio (D:6)
  2 basilisks (D:9)
  A steam dragon (D:9)
  Duvessa (D:6)
  A water moccasin (Lair:1)
  2 orc warriors (D:9)
  3 ice beasts
  2 sky beasts
  4 phantoms
  2 black bears
  A hornet zombie (D:9)
  An eye of draining (D:9)
  5 centaurs
  7 ogres
  A crocodile (D:9)
  2 big kobolds
  A wyvern zombie (D:7)
  2 bullfrogs
  A gnoll sergeant (D:7)
  Dowan (D:6)
  2 scorpions
  4 killer bees
  3 wights (D:6)
  2 howler monkeys
  3 crimson imps
  2 bullfrog zombies (D:6)
  6 hounds
  9 orc priests
  3 jellies
  8 orc wizards
  2 bullfrog skeletons
  3 iguanas
  12 worker ants
  A statue (D:4)
  A hound skeleton (D:9)
  12 gnolls
  A howler monkey zombie (D:8)
  7 adders
  2 shadow imps (D:8)
  3 oozes
  3 adder zombies
  4 adder skeletons
  4 worms
  2 dart slugs
  3 leopard geckos
  37 orcs
  2 ball pythons (D:3)
  3 giant cockroaches
  9 hobgoblins
  2 jackals (D:4)
  2 quokkas
  A ball python skeleton (D:4)
  3 bats
  6 frilled lizards
  12 goblins
  15 kobolds
  A leopard gecko zombie (D:8)
  8 rats
275 creatures vanquished.

Vanquished Creatures (others)
  5 toadstools (D:4)
5 creatures vanquished.

Grand Total: 280 creatures vanquished

Notes
Turn   | Place    | Note
-------+----------+-------------------------------------------
     0 | D:1      | Lexodia the Troll Fighter began the quest for the Orb.
     0 | D:1      | Reached XP level 1. HP: 22/22 MP: 0/0
   146 | D:1      | Reached XP level 2. HP: 19/29 MP: 1/1
   854 | D:2      | Reached XP level 3. HP: 36/36 MP: 2/2
  1222 | D:2      | Found a sacrificial altar of Ru.
  1232 | D:2      | Became a worshipper of Ru the Awakened
  1347 | D:2      | Found a burning altar of Makhleb.
  1453 | D:2      | Reached XP level 4. HP: 42/44 MP: 3/3
  1767 | D:3      | Found a stormy altar of Qazlal.
  1908 | D:3      | Learned a level 1 spell: Confusing Touch
  1912 | D:3      | Noticed Grinder
  1917 | D:3      | Huge Dmg: 8 dmg
  1918 | D:3      | Killed Grinder
  1918 | D:3      | Reached skill level 1 in Throwing
  1918 | D:3      | Reached skill level 5 in Unarmed Combat
  1918 | D:3      | Reached skill level 1 in Hexes
  1918 | D:3      | Reached XP level 5. HP: 30/50 MP: 4/4
  1918 | D:3      | Reached XP level 6. HP: 36/59 MP: 5/5
  2023 | D:3      | Found an ornate altar of the Wu Jian Council.
  2132 | D:3      | Found a hazy altar of Hepliaklqana.
  2307 | D:4      | Huge Dmg: 11 dmg
  2434 | D:4      | Gained mutation: You cannot study or cast Air magic. [Ru
                  | sacrifice]
  2434 | D:4      | Gained mutation: You cannot study or cast Transmutations
                  | magic. [Ru sacrifice]
  2434 | D:4      | Gained mutation: You cannot study or cast Conjurations
                  | magic. [Ru sacrifice]
  2434 | D:4      | Reached * piety under Ru
  2489 | D:4      | Huge Dmg: 14 dmg
  2506 | D:4      | Reached skill level 1 in Evocations
  2506 | D:4      | Reached XP level 7. HP: 49/66 MP: 6/6
  2680 | D:4      | Found a snail-covered altar of Cheibriados.
  2889 | D:4      | Found a sparkling altar of Nemelex Xobeh.
  2899 | D:4      | Found a radiant altar of Vehumet.
  2920 | D:4      | Huge Dmg: 9 dmg
  3393 | D:5      | Entered Level 5 of the Dungeon
  3396 | D:5      | Reached XP level 8. HP: 63/74 MP: 8/8
  3667 | D:5      | Found a hide-covered altar of Uskayaw.
  3668 | D:5      | Found an opulent altar of Gozag.
  3915 | D:5      | Found a white marble altar of Elyvilon.
  4004 | D:6      | Found an iron altar of Okawaru.
  4017 | D:6      | Huge Dmg: 15 dmg
  4131 | D:6      | Noticed Eustachio
  4143 | D:6      | Killed Eustachio
  4250 | D:6      | Noticed Duvessa
  4266 | D:6      | Reached skill level 5 in Throwing
  4266 | D:6      | Reached XP level 9. HP: 81/81 MP: 10/10
  4267 | D:6      | Noticed Dowan
  4269 | D:6      | Killed Duvessa
  4269 | D:6      | Reached skill level 5 in Shields
  4277 | D:6      | Killed Dowan
  4824 | D:7      | Found a staircase to the Ecumenical Temple.
  4867 | D:7      | Huge Dmg: 22 dmg
  4970 | D:7      | Huge Dmg: 20 dmg
  4983 | D:7      | Huge Dmg: 16 dmg
  5480 | D:7      | Found a deep blue altar of Sif Muna.
  5547 | D:8      | Huge Dmg: 22 dmg
  5548 | D:8      | Huge Dmg: 25 dmg
  5550 | D:8      | Huge Dmg: 12 dmg
  5551 | D:8      | Reached XP level 10. HP: 7/91 MP: 11/11
  5782 | D:8      | Found a transporter.
  5811 | D:8      | Found a transporter.
  5856 | D:8      | Huge Dmg: 12 dmg
  5857 | D:8      | Huge Dmg: 15 dmg
  6010 | D:8      | Noticed Harold
  6015 | D:8      | Huge Dmg: 20 dmg
  6025 | D:8      | Killed Harold
  6035 | D:8      | Huge Dmg: 32 dmg
  6529 | D:8      | Huge Dmg: 15 dmg
  6530 | D:8      | Huge Dmg: 17 dmg
  6985 | D:9      | Huge Dmg: 21 dmg
  6987 | D:9      | Huge Dmg: 19 dmg
  7378 | D:9      | Huge Dmg: 20 dmg
  7652 | D:9      | Huge Dmg: 20 dmg
  7657 | D:9      | Reached XP level 11. HP: 70/97 MP: 12/12
  7787 | D:9      | Got a steaming iron ring
  7788 | D:9      | Identified the cursed ring of Itaso {rElec MR+ Int-3} (You
                  | found it on level 9 of the Dungeon)
  7858 | D:9      | Found a staircase to the Lair.
  7987 | Lair:1   | Entered Level 1 of the Lair of Beasts
  8070 | Lair:1   | Huge Dmg: 17 dmg
  8072 | Lair:1   | Reached skill level 10 in Throwing
  8074 | Lair:1   | Huge Dmg: 10 dmg
  8321 | Lair:1   | Huge Dmg: 20 dmg
  8326 | Lair:1   | Huge Dmg: 10 dmg
  8327 | Lair:1   | Huge Dmg: 11 dmg
  8331 | Lair:1   | Huge Dmg: 13 dmg
  8532 | Lair:1   | Noticed an eight-headed hydra
  8537 | Lair:1   | Killed an eight-headed hydra
  8662 | D:10     | Entered Level 10 of the Dungeon
  8673 | D:10     | Reached skill level 10 in Unarmed Combat
  8696 | D:10     | Gained mutation: You cannot study or use magical devices.
                  | [Ru sacrifice]
  8696 | D:10     | Reached ** piety under Ru
  8696 | D:10     | Reached *** piety under Ru
  8734 | D:10     | Noticed a skeletal warrior
  8750 | D:10     | Noticed a skeletal warrior
  8755 | D:10     | Noticed a skeletal warrior
  8783 | D:9      | Huge Dmg: 31 dmg
  8787 | D:9      | Huge Dmg: 13 dmg
  8789 | D:9      | Huge Dmg: 14 dmg
  8789 | D:9      | Mangled by a skeletal warrior

Levels and vault maps discovered:
D:1:      matt_arrival_spirals, layout_loops_ring, minmay_unequal
D:2:      layout_basic, nicolae_overflow_hidden_temple,
          overflow_temple_1_default, serial_corexii_hall,
          corexii_hall_statues_deadend, corexii_hall_statues_x
D:3:      layout_rooms, lemuel_round_altar, nicolae_qazlal_general_emergency,
          marbit_many_paths, kennysheep_generic_room_16, uniq_grinder
D:4:      cheibrodos_barr_body, layout_gridville, cheibriados_altar_1,
          nemelex_xobeh_ov_fountains_minmay, vehumet_statue, first_ration,
          minmay_gold_behind_fungi
D:5:      layout_loops_ring, kennysheep_mini_moat,
          gammafunk_temple_overflow_statue, minmay_misc_feat_encased
D:6:      layout_basic, okawaru_trees_1, uniq_eustachio, uniq_duvessa
D:7:      layout_basic, old_standard_altar, minmay_temple_entry_grid,
          nrook_loot_triangle
D:8:      gammafunk_wand_slinger, layout_basic, uniq_harold
D:9:      layout_loops_ring, erik_lair_dragon
D:10:     layout_long_grid, david_nohive_1, minmay_misc_feat_tower
Lair:1:   layout_concentric_octagons, grunt_megastairs_2

Skill      XL: |  1  2  3  4  5  6  7  8  9 10 11 |
---------------+----------------------------------+-----
Unarmed Combat | 3 4 5 6 8 9 10 | 10.0
Throwing       | 1 2 3 5 7 9 10 | 10.6
Shields        | 3 4 5 7 |  7.8
Hexes          | 1 2 |  2.0
Evocations     | 1 2 3 0 |  0.0
Dodging        | 3 |  3.0
Fighting       | 3 |  3.0

Action                   |  1- 3 |  4- 6 |  7- 9 | 10-12 || total
-------------------------+-------+-------+-------+-------++-------
Melee: Unarmed           |   111 |    91 |   298 |   264 ||   764
Throw: Stone             |     6 |    15 |       |     3 ||    24
       Boomerang         |       |       |    68 |   120 ||   188
Invok: Sacrifice Arcana  |       |     1 |       |       ||     1
       Reject Sacrifices |       |       |     1 |       ||     1
       Sacrifice Artific |       |       |       |     1 ||     1
Evoke: Wand              |       |       |       |     4 ||     4
  Use: Potion            |       |     1 |       |     3 ||     4
       Scroll            |       |       |     5 |    13 ||    18
 Stab: Sleeping          |       |     1 |     3 |       ||     4
       Distracted        |       |       |       |     1 ||     1
  Eat: Chunk             |    19 |     9 |    28 |    30 ||    86
Armor: Robe              |    26 |    17 |    61 |    32 ||   136
       Steam dragon scal |       |       |       |    17 ||    17
Dodge: Dodged            |    30 |    13 |    78 |    66 ||   187
Block: Shield            |    64 |    33 |   116 |   134 ||   347

Table legend:
 A = Non-vault XP
 B = Vault XP
 C = Vault XP percentage of total XP
 D = Non-vault monster count
 E = Vault monster count
 F = Vault count percentage of total count
                 A         B        C        D         E       F
            +---------+---------+-------+---------+---------+-------
      Total |   13182 |    3964 |  23.1 |     242 |      33 |  12.0
            +---------+---------+-------+---------+---------+-------
        D:1 |      33 |       4 |  10.8 |      21 |       3 |  12.5
        D:2 |      60 |       0 |   0.0 |      22 |       0 |   0.0
        D:3 |      48 |     294 |  86.0 |      19 |       2 |   9.5
        D:4 |     639 |     239 |  27.2 |      27 |      10 |  27.0
        D:5 |     532 |       0 |   0.0 |      15 |       0 |   0.0
        D:6 |    1859 |     427 |  18.7 |      23 |       3 |  11.5
        D:7 |    1219 |       0 |   0.0 |      31 |       0 |   0.0
        D:8 |    1175 |    1519 |  56.4 |      22 |       8 |  26.7
        D:9 |    3374 |    1034 |  23.5 |      44 |       6 |  12.0
       D:10 |     414 |       0 |   0.0 |       5 |       0 |   0.0
     Lair:1 |    3829 |     447 |  10.5 |      13 |       1 |   7.1
            +---------+---------+-------+---------+---------+-------
